 Dungeon Crawl Stone Soup version 0.25-a0-419-g7650d0de75 (webtiles) character file.

Game seed: 8770698543363542506, levelgen mode: deterministic

47590 Ajdolov the Cruncher (level 14, -3/92 HPs)
             Began as a Gargoyle Gladiator on Jan 17, 2020.
             Was a Follower of Uskayaw.
             Killed from afar by a lindwurm (34 damage)
             ... with a blast of flame
             ... on level 6 of the Lair of Beasts.
             The game lasted 01:21:51 (18842 turns).

Ajdolov the Cruncher (Gargoyle Gladiator)          Turns: 18842, Time: 01:21:51

Health: -3/92      AC: 33    Str: 23    XL:     14   Next: 42%
Magic:  22/22      EV: 10    Int: 12    God:    Uskayaw [*.....]
Gold:   699        SH:  0    Dex: 11    Spells: 13/13 levels left

rFire    . . .     SeeInvis .   a - +0 quarterstaff (vorpal)
rCold    + . .     Gourm    +   (shield currently unavailable)
rNeg     + . .     Faith    .   l - +0 plate armour
rPois    ∞         Spirit   .   A - +1 helmet {Int+3}
rElec    +         Reflect  .   E - +2 cloak {MR+}
rCorr    .         Harm     .   y - +1 pair of gloves
MR       +++..                  (no boots)
Stlth    ..........             K - amulet of the gourmand
HPRegen  0.25/turn              m - ring of protection from magic
MPRegen  0.18/turn              V - ring of protection from cold

@: slowed, very slow
A: big wings, negative energy resistance 1, electricity resistance, unbreathing,
petrification resistance, rot immunity, AC +10
a: Fly, Stomp, Renounce Religion


You were on level 6 of the Lair of Beasts.
You worshipped Uskayaw.
Uskayaw was aware of your devotion.
You were completely stuffed.

You visited 2 branches of the dungeon, and saw 15 of its levels.

You collected 1089 gold pieces.
You spent 390 gold pieces at shops.

Inventory:

Hand Weapons
 a - a +0 vorpal quarterstaff (weapon)
 s - the +6 dagger of the Gloaming {protect, rC+ MP+9 Str+3 Int-4}
   (You found it on level 5 of the Dungeon)

   It grants its wielder temporary protection when it strikes (+7 to AC).
   It affects your strength (+3).
   It affects your intelligence (-4).
   It protects you from cold.
   It affects your magic capacity (+9).
Missiles
 d - 3 throwing nets (quivered)
Armour
 l - a +0 plate armour (worn)
 y - a +1 pair of gloves (worn)
 A - a +1 helmet of intelligence (worn)
 D - a scarf of repulsion
 E - a +2 cloak of magic resistance (worn)
Jewellery
 m - a ring of protection from magic (left hand)
 I - an uncursed amulet of regeneration
 K - an amulet of the gourmand (around neck)
 L - a +3 ring of intelligence
 Q - an uncursed ring of wizardry {unknown}
 S - an uncursed ring of protection from magic
 V - a ring of protection from cold (right hand)
 X - an uncursed ring of fire
Wands
 j - a wand of flame (17)
 k - a wand of digging (12)
 B - a wand of clouds (1)
 G - a wand of paralysis (29)
 M - a wand of polymorph (9)
 N - a wand of iceblast (9)
 O - a wand of scattershot (6)
 R - a wand of acid (10)
Scrolls
 h - 5 scrolls of blinking
 i - 10 scrolls of identify
 n - 6 scrolls of teleportation
 o - 6 scrolls of magic mapping
 q - a scroll of enchant armour
 r - 7 scrolls of remove curse
 t - a scroll of holy word {unknown}
 x - a scroll of immolation
 F - a scroll of fear
Potions
 b - 2 potions of ambrosia {unknown}
 e - a potion of resistance {unknown}
 g - 2 potions of brilliance {unknown}
 p - 4 potions of might
 u - 2 potions of heal wounds
 v - a potion of agility {unknown}
 w - a potion of magic {unknown}
 z - 3 potions of lignification {unknown}
 C - a potion of cancellation {unknown}
 H - a potion of flight {unknown}
 J - 4 potions of berserk rage
 P - 5 potions of curing
Comestibles
 c - a chunk of flesh
 f - 38 rations


   Skills:
 + Level 12.5 Fighting
 - Level 14.0 Staves
 - Level 2.1 Throwing
 - Level 10.8 Armour
 * Level 7.8 Dodging
 - Level 0.1 Stealth
 + Level 11.7 Invocations


You had 13 spell levels left.
You didn't know any spells.
Your spell library contained the following spells:

 Spells                   Type           Power        Failure   Level  Hunger
 Animate Skeleton         Necr           N/A          98%         1    ##.....
 Apportation              Tloc           #.....       98%         1    ##.....
 Beastly Appendage        Tmut           #.....       98%         1    ##.....
 Corona                   Hex            #......      98%         1    ##.....
 Summon Small Mammal      Summ           #...         98%         1    ##.....
 Ensorcelled Hibernation  Hex/Ice        #.....       99%         2    ###....
 Poisonous Vapours        Pois/Air       #.....       99%         2    ###....
 Sticks to Snakes         Tmut           #.......     99%         2    ###....
 Confusing Touch          Hex            #.......     100%        3    ####...
 Conjure Flame            Conj/Fire      #.......     100%        3    ####...
 Dazzling Flash           Conj/Hex       #.....       100%        3    ####...
 Gell's Gravitas          Tloc           #.........   100%        3    ####...
 Ignite Poison            Fire/Tmut/Pois #.......     100%        3    ####...
 Mephitic Cloud           Conj/Pois/Air  #.......     100%        3    ####...
 Spider Form              Tmut/Pois      #.........   100%        3    ####...
 Tukima's Dance           Hex            #.......     100%        3    ####...
 Ice Form                 Ice/Tmut       #.......     100%        4    #####..
 Petrify                  Tmut/Erth      #.......     100%        4    #####..
 Alistair's Intoxication  Tmut/Pois      #.......     100%        5    ######.
 Blade Hands              Tmut           #.........   100%        5    ######.
 Irradiate                Conj/Tmut      #.........   100%        5    ######.
 Metabolic Englaciation   Hex/Ice        #.........   100%        5    ######.
 Yara's Violent Unravell  Hex/Tmut       #.........   100%        5    ######.
 Eringya's Noxious Bog    Tmut/Pois      #.........   100%        6    #######
 Freezing Cloud           Conj/Ice/Air   #.........   100%        6    #######
 Ring of Flames           Chrm/Fire      #.........   100%        7    #######
 Sublimation of Blood     Necr           Unusable     N/A         2    N/A

Dungeon Overview and Level Annotations

Branches:
Dungeon (9/15)             Temple (0/1) D:4            Lair (6/6) D:9
 Shoals (0/4) Lair:3       Spider (0/4) Lair:3        Slime (0/5) Lair:5
    Orc: D:9-12

Altars:
Cheibriados
Makhleb
Trog
Uskayaw
Jiyva

Shops:
D:4 }   D:7 =

Annotations:
D:8 2 transporters, Borgoz's ghost, novice GrBe
Lair:1 exclusion: 2 oklob plants
Lair:6 1 runed translucent door


Innate Abilities, Weirdness & Mutations

You are resistant to torment.
Your stone body is resilient. (AC +10)
You are immune to poison.
Your large and strong wings let you fly indefinitely.
You resist negative energy. (rN+)
You are resistant to electric shocks. (rElec)
You can survive without breathing.
You are immune to petrification.
You are immune to rotting.


Message History

You hit the lindwurm.
The lindwurm is heavily wounded.
The lindwurm bites you but does no damage.
The lindwurm closely misses you.
The lindwurm claws you but does no damage.
You hit the lindwurm but do no damage.
The lindwurm is heavily wounded.
The lindwurm bites you. The lindwurm misses you.
The lindwurm claws you but does no damage.
The torpor snail bites you!
You barely miss the lindwurm.
The lindwurm is heavily wounded.
The lindwurm closely misses you.
The lindwurm claws you but does no damage. x2
The torpor snail bites you but does no damage.
You hit the lindwurm.
The lindwurm is severely wounded.
The lindwurm breathes flames at you. The blast of flame hits you!!
You die...

###### ######## ###.☼°☼#####
####.P.##.#
#...○.○§...#####........##
#)..####..kw.##.....#.#...##
#..## ####@.#.....#####...#
#.y ###.....##.# ###.8 #...
###.....#.#### ##..P ##..
###....}.#### ##...#
######.......## #..###
#.#...#..P.#### ##..#
##...##.#...#.# ##..##
##...####.#...## #...###
#P.##.# ####..P### #..##.##


You could see a torpor snail and a lindwurm.

Vanquished Creatures
  2 entropy weavers (Lair:6)
  3 hydras
  An alligator (Lair:6)
  A queen ant (Lair:6)
  A lindwurm (Lair:6)
  A manticore (Lair:3)
  5 elephants
  6 black mambas
  11 spiny frogs
  6 torpor snails
  2 rime drakes
  6 komodo dragons
  15 polar bears
  6 hornets (Lair:6)
  3 tyrant leeches (Lair:6)
  2 raiju (Lair:6)
  4 dream sheep
  8 blink frogs
  5 hippogriffs
  A vampire (D:9)
  A spriggan (Lair:5)
  43 yaks
  3 basilisks
  3 wyverns
  7 wargs
  A hungry ghost (D:8)
  10 water moccasins
  17 soldier ants
  8 porcupines
  15 hell hounds (Lair:6)
  A sky beast (D:7)
  2 orc warriors
  2 ice beasts
  3 phantoms
  17 black bears
  25 wolves
  4 ogres
  2 centaurs (D:5)
  8 crocodiles
  21 bullfrogs
  3 scorpions
  8 killer bees
  5 wights (D:9)
  2 howler monkeys
  2 electric eels
  3 crimson imps
  A centaur zombie (D:8)
  A quasit (D:6)
  2 jellies
  4 orc priests
  A gnoll shaman (D:6)
  9 orc wizards
  A bullfrog skeleton (D:6)
  2 hounds (D:2)
  A bullfrog zombie (D:8)
  5 iguanas
  20 worker ants
  A hound skeleton (D:4)
  A howler monkey zombie (D:5)
  13 gnolls
  8 adders
  An adder zombie (D:8)
  An adder skeleton (D:5)
  2 worms (D:2)
  2 dart slugs (D:1)
  4 leopard geckos
  29 orcs
  2 ball pythons
  5 bats
  9 giant cockroaches
  10 goblins
  6 hobgoblins (D:1)
  7 jackals
  13 kobolds
  7 quokkas
  3 frilled lizards
  A jackal skeleton (D:4)
  A rat (D:2)
  A fungus (Lair:1)
  A plant (Lair:6)
480 creatures vanquished.

Vanquished Creatures (others)
  21 fungi
  36 plants
57 creatures vanquished.

Grand Total: 537 creatures vanquished

Notes
Turn   | Place    | Note
-------+----------+-------------------------------------------
     0 | D:1      | Ajdolov the Gargoyle Gladiator began the quest for the Orb.
     0 | D:1      | Reached XP level 1. HP: 12/12 MP: 1/1
    40 | D:1      | Reached XP level 2. HP: 8/17 MP: 2/2
   415 | D:1      | Reached XP level 3. HP: 18/21 MP: 3/3
   871 | D:2      | Reached XP level 4. HP: 20/27 MP: 4/4
  1249 | D:2      | Reached skill level 4 in Staves
  1304 | D:2      | Reached skill level 1 in Armour
  1405 | D:2      | Found a burning altar of Makhleb.
  1410 | D:2      | Reached XP level 5. HP: 24/31 MP: 5/5
  1422 | D:2      | Found a hide-covered altar of Uskayaw.
  1507 | D:2      | Became a worshipper of Uskayaw the Reveler
  1670 | D:3      | Reached * piety under Uskayaw
  1781 | D:3      | Reached ** piety under Uskayaw
  2267 | D:4      | Reached skill level 5 in Staves
  2267 | D:4      | Reached XP level 6. HP: 37/37 MP: 6/6
  2269 | D:4      | Reached *** piety under Uskayaw
  2318 | D:4      | Found Vatoegur's Gadget Shoppe.
  2478 | D:4      | Reached **** piety under Uskayaw
  2480 | D:4      | Reached XP level 7. HP: 28/43 MP: 7/7
  2481 | D:4      | Reached ***** piety under Uskayaw
  2491 | D:4      | Reached skill level 6 in Staves
  2658 | D:4      | Found a staircase to the Ecumenical Temple.
  3147 | D:5      | Entered Level 5 of the Dungeon
  3167 | D:5      | Got a steaming dagger
  3312 | D:5      | Reached XP level 8. HP: 47/48 MP: 8/8
  3319 | D:5      | Reached skill level 7 in Staves
  3319 | D:5      | Reached skill level 1 in Invocations
  3412 | D:5      | Reached skill level 5 in Fighting
  3965 | D:6      | Identified the +6 dagger of the Gloaming {protect, rC+ MP+9
                  | Str+3 Int-4} (You found it on level 5 of the Dungeon)
  4827 | D:7      | Reached skill level 5 in Armour
  4836 | D:7      | Reached skill level 8 in Staves
  4843 | D:7      | Reached XP level 9. HP: 45/55 MP: 11/11
  5307 | D:7      | Found Urheull's Jewellery Shoppe.
  5316 | D:7      | Bought an uncursed amulet of the gourmand for 390 gold
                  | pieces
  5848 | D:8      | Noticed a moth of wrath
  5872 | D:8      | Reached skill level 9 in Staves
  5982 | D:8      | Noticed Borgoz's ghost (novice GrBe)
  6076 | D:8      | Reached skill level 5 in Invocations
  6076 | D:8      | Reached XP level 10. HP: 52/63 MP: 13/13
  6370 | D:8      | Identified the +11 war axe of Viorot {antimagic, rC+ Int+5
                  | SInv}
  6396 | D:8      | Found a transporter.
  6400 | D:8      | Found a transporter.
  6421 | D:8      | Found a bloodstained altar of Trog.
  6529 | D:9      | Reached skill level 10 in Staves
  7802 | D:9      | Found a staircase to the Lair.
  8066 | Lair:1   | Entered Level 1 of the Lair of Beasts
  8097 | Lair:1   | Noticed a spiny frog
  8109 | Lair:1   | Killed a spiny frog
  8179 | Lair:1   | Reached skill level 11 in Staves
  8297 | Lair:1   | Noticed an oklob plant
  8297 | Lair:1   | Noticed an oklob plant
  8310 | Lair:1   | Noticed a black mamba
  8331 | Lair:1   | Killed a black mamba
  8331 | Lair:1   | Reached XP level 11. HP: 17/69 MP: 14/16
 10794 | Lair:2   | Reached skill level 12 in Staves
 11367 | Lair:3   | Reached XP level 12. HP: 68/76 MP: 18/18
 11686 | Lair:3   | Found a staircase to the Shoals.
 12002 | Lair:3   | Found a hole to the Spider Nest.
 12530 | Lair:4   | Noticed an eight-headed hydra
 12549 | Lair:4   | Killed an eight-headed hydra
 12549 | Lair:4   | Reached skill level 10 in Fighting
 12825 | Lair:4   | Reached skill level 13 in Staves
 12875 | Lair:4   | Found a snail-covered altar of Cheibriados.
 13199 | Lair:4   | Reached skill level 10 in Armour
 13651 | Lair:5   | Reached ****** piety under Uskayaw
 14463 | Lair:5   | Noticed a five-headed hydra
 14471 | Lair:5   | Killed a five-headed hydra
 14471 | Lair:5   | Reached XP level 13. HP: 64/83 MP: 20/20
 14928 | Lair:5   | Found a viscous altar of Jiyva.
 14931 | Lair:5   | Found a staircase to the Slime Pits.
 15078 | Lair:5   | Reached skill level 14 in Staves
 15093 | Lair:5   | Reached skill level 10 in Invocations
 15449 | Lair:6   | Entered Level 6 of the Lair of Beasts
 16201 | Lair:6   | Reached skill level 5 in Dodging
 17213 | Lair:6   | Noticed an entropy weaver
 17240 | Lair:6   | Killed an entropy weaver
 17240 | Lair:6   | Gained mutation: Your large and strong wings let you fly
                  | indefinitely. [Gargoyle growth]
 17240 | Lair:6   | Reached XP level 14. HP: 34/92 MP: 22/22
 17564 | Lair:6   | Noticed an entropy weaver
 17592 | Lair:6   | Killed an entropy weaver
 18322 | Lair:6   | Found a runed translucent door.
 18842 | Lair:6   | Killed from afar by a lindwurm

Levels and vault maps discovered:
D:1:      ebering_trefoil_twist, layout_basic, moated_statue, minivault_14,
          patterned_corridor
D:2:      layout_rooms, lemuel_round_altar, first_ration,
          kennysheep_nondescript, makhleb_heckhound_becter
D:3:      layout_rooms, minivault_14
D:4:      layout_loops_corners, temple_green, minmay_shop_grid_forest,
          grunt_decor_mini_mirrors
D:5:      layout_loops_cross, minmay_manual_mares
D:6:      layout_basic, kennysheep_generic_room_2
D:7:      layout_basic, serial_shops, nicolae_shop_stone
D:8:      layout_rooms, gammafunk_ghost_wrathful_warriors, st_stairs_6
D:9:      layout_irregular_city, erik_lair_orcish_takeover
Lair:1:   dpeg_oklob_gauntlet, layout_regular_city, grunt_megastairs_3
Lair:2:   beast_lair_carwin_large_1, layout_long_grid
Lair:3:   layout_layer_cave, minmay_shoals_entry_beasts, dummy_spider_entry
Lair:4:   layout_regular_city, kennysheep_snail_temple
Lair:5:   cheibrodos_lair_river_kwai, layout_regular_city, slime_altar_1,
          grunt_forest_stairs_clearing, serial_bayou_shore_b,
          serial_bayou_shore_a
Lair:6:   hangedman_lair_caniforms_friends, layout_misc_corridors, wormcave,
          chequers_serial_rivers_micro_a, zaba_antful_of_joy

Skill      XL: |  1  2  3  4  5  6  7  8  9 10 11 12 13 14 |
---------------+-------------------------------------------+-----
Throwing       | 2 |  2.1
Dodging        | 3 6 7 |  7.8
Staves         | 4 5 6 8 9 11 12 13 14 | 14.0
Armour         | 1 2 3 4 5 6 8 9 10 | 10.8
Fighting       | 3 4 5 7 8 9 10 12 | 12.5
Invocations    | 3 5 6 8 9 11 | 11.7
Stealth        | |  0.1

Action                   |  1- 3 |  4- 6 |  7- 9 | 10-12 | 13-15 || total
-------------------------+-------+-------+-------+-------+-------++-------
Melee: Quarterstaff      |    94 |   137 |   397 |  1040 |   967 ||  2635
Throw: Throwing net      |       |       |       |     1 |       ||     1
Invok: Line Pass         |       |     1 |     1 |     2 |       ||     4
       Stomp             |       |       |       |     9 |       ||     9
Evoke: Wand              |       |       |       |    12 |    12 ||    24
  Use: Potion            |       |     1 |       |     6 |       ||     7
       Scroll            |       |       |     1 |    17 |       ||    18
 Stab: Confused          |       |     1 |       |     3 |     3 ||     7
       Paralysed         |       |     2 |    16 |    45 |    64 ||   127
  Eat: Chunk             |       |     5 |    28 |    35 |    15 ||    83
Armor: Leather armour    |    18 |       |       |       |       ||    18
       Ring mail         |    21 |    13 |       |       |       ||    34
       Scale mail        |       |    47 |   249 |    36 |       ||   332
       Plate armour      |       |       |       |   670 |   696 ||  1366
Dodge: Dodged            |    62 |    67 |   210 |   366 |   352 ||  1057

Table legend:
 A = Non-vault XP
 B = Vault XP
 C = Vault XP percentage of total XP
 D = Non-vault monster count
 E = Vault monster count
 F = Vault count percentage of total count
                 A         B        C        D         E       F
            +---------+---------+-------+---------+---------+-------
      Total |   37031 |   30955 |  45.5 |     331 |     147 |  30.8
            +---------+---------+-------+---------+---------+-------
        D:1 |      65 |       0 |   0.0 |      34 |       0 |   0.0
        D:2 |      90 |      42 |  31.8 |      21 |       1 |   4.5
        D:3 |      71 |       0 |   0.0 |       8 |       0 |   0.0
        D:4 |     800 |       0 |   0.0 |      24 |       0 |   0.0
        D:5 |     275 |     222 |  44.7 |      11 |       2 |  15.4
        D:6 |     359 |      48 |  11.8 |      16 |       2 |  11.1
        D:7 |    1354 |       0 |   0.0 |      30 |       0 |   0.0
        D:8 |    2576 |      48 |   1.8 |      28 |       1 |   3.4
        D:9 |    1964 |     632 |  24.3 |      30 |       8 |  21.1
     Lair:1 |    2463 |     230 |   8.5 |      11 |       2 |  15.4
     Lair:2 |    2443 |    1819 |  42.7 |      13 |       9 |  40.9
     Lair:3 |    4954 |     823 |  14.2 |      24 |       2 |   7.7
     Lair:4 |    5627 |    2125 |  27.4 |      22 |       8 |  26.7
     Lair:5 |    7167 |    2576 |  26.4 |      32 |       9 |  22.0
     Lair:6 |    6823 |   22390 |  76.6 |      27 |     103 |  79.2
            +---------+---------+-------+---------+---------+-------
